[Event "16th Deltalift Open 2019"]
[Site "Halmstad"]
[Date "2019.05.31"]
[Round "6.17"]
[White "Carlsson, Ludvig"]
[Black "Cramling Bellon, Anna"]
[Result "1-0"]
[ECO "E32"]
[WhiteElo "2208"]
[BlackElo "1990"]
[Annotator "ChessBase"]
[PlyCount "53"]
[EventDate "2019.05.30"]
[EventType "swiss"]
[EventCountry "SWE"]
[SourceTitle "playchess.com"]
[Source "ChessBase"]
[SourceQuality "1"]
[TimeControl "40/5400+30:1800+30"]

1. d4 Nf6 2. c4 e6 3. Nc3 Bb4 4. Qc2 b6 5. Nf3 Bb7 6. a3 Bxc3+ 7. Qxc3 Ne4 8. Qc2 O-O 9. e3 f5 10. Bd3 Ng5 11. Nxg5 Qxg5 12. f3 Nc6 13. O-O Qh5 14. b4 a6 15. Bb2 Ne7 16. Rad1 f4 17. Rfe1 Rf6 18. exf4 Rh6 19. h3 Ng6 20. f5 Nh4 21. fxe6 dxe6 22. d5 Qg5 23. Be4 Qg3 24. Be5 Qg5 25. Bxc7 exd5 26. Rxd5 Qf6 27. Rd6 1-0

[Event "16th Deltalift Open 2019"]
[Site "Halmstad"]
[Date "2019.05.31"]
[Round "6.18"]
[White "Wahlstrom, Lennart"]
[Black "Berglind, Axel"]
[Result "1-0"]
[ECO "B92"]
[WhiteElo "2196"]
[BlackElo "2072"]
[Annotator "ChessBase"]
[PlyCount "95"]
[EventDate "2019.05.30"]
[EventType "swiss"]
[EventCountry "SWE"]
[SourceTitle "playchess.com"]
[Source "ChessBase"]
[SourceQuality "1"]
[TimeControl "40/5400+30:1800+30"]

1. e4 c5 2. Nf3 d6 3. d4 cxd4 4. Nxd4 Nf6 5. Nc3 a6 6. Be2 e5 7. Nb3 Be7 8. O-O Be6 9. Be3 Nbd7 10. f4 exf4 11. Rxf4 Ne5 12. Nd5 Rc8 13. Bb6 Qd7 14. Rc1 Ng6 15. Nxe7 Qxe7 16. Rf1 Nxe4 17. Qd4 f5 18. c4 O-O 19. Bf3 Ng5 20. Bh5 Ne5 21. c5 Ne4 22. cxd6 Qxd6 23. Qxd6 Nxd6 24. Bc7 Nec4 25. Nd4 Bd7 26. Bxd6 Nxd6 27. Bf3 Rxc1 28. Bd5+ Kh8 29. Rxc1 Rc8 30. Re1 Re8 31. Rc1 Rc8 32. Re1 Ne4 33. Bxb7 Rb8 34. Bxe4 fxe4 35. b3 Re8 36. Kf2 Bc8 37. Ke3 g6 38. Rc1 Bf5 39. Rc6 Bc8 40. b4 Kg7 41. a4 Kf7 42. Rc7+ Kf6 43. b5 axb5 44. axb5 Ke5 45. Rxh7 Bf5 46. b6 Ra8 47. Ra7 Rc8 48. Ra5+ {[%emt 0:00:00] Kd5 Kxe4+} 1-0

[Event "16th Deltalift Open 2019"]
[Site "Halmstad"]
[Date "2019.05.31"]
[Round "6.20"]
[White "Brzezinski, Adam"]
[Black "Mattsson, Michael"]
[Result "1-0"]
[ECO "E04"]
[WhiteElo "2193"]
[BlackElo "2063"]
[Annotator "ChessBase"]
[PlyCount "83"]
[EventDate "2019.05.30"]
[EventType "swiss"]
[EventCountry "SWE"]
[SourceTitle "playchess.com"]
[Source "ChessBase"]
[SourceQuality "1"]
[TimeControl "40/5400+30:1800+30"]

1. d4 Nf6 2. c4 e6 3. g3 d5 4. Nf3 dxc4 5. Bg2 Nc6 6. O-O Rb8 7. e3 b5 8. b3 cxb3 9. axb3 a6 10. Qe2 Be7 11. Bd2 O-O 12. Rc1 Qd6 13. Ne1 Rb6 14. Nd3 Rd8 15. Na3 Nd5 16. Nc2 Bf6 17. Nc5 Qf8 18. f4 g6 19. Ra2 Qg7 20. h3 Be7 21. Kh2 Bxc5 22. dxc5 Rb8 23. Qe1 e5 24. e4 Nde7 25. Bc3 f6 26. Ne3 Nd4 27. Rd1 Bxh3 28. Bxd4 Bxg2 29. Nxg2 exd4 30. Rxa6 b4 31. Qf2 Qf7 32. Qb2 c6 33. Ra7 d3 34. Qb1 d2 35. Ra2 Rb5 36. Qc2 Qe6 37. Ne3 Rd4 38. Rxd2 Rxe4 39. Rd6 Rxe3 40. Rxe6 Rxe6 41. Qc4 Nd5 42. Ra6 1-0

[Event "16th Deltalift Open 2019"]
[Site "Halmstad"]
[Date "2019.05.31"]
[Round "6.21"]
[White "Ivarsson, Sebastian"]
[Black "Naslund, Mikael"]
[Result "1-0"]
[ECO "D85"]
[WhiteElo "2013"]
[BlackElo "2177"]
[Annotator "ChessBase"]
[PlyCount "87"]
[EventDate "2019.05.30"]
[EventType "swiss"]
[EventCountry "SWE"]
[SourceTitle "playchess.com"]
[Source "ChessBase"]
[SourceQuality "1"]
[TimeControl "40/5400+30:1800+30"]

1. d4 Nf6 2. c4 g6 3. Nc3 d5 4. Nf3 Bg7 5. cxd5 Nxd5 6. e4 Nxc3 7. bxc3 c5 8. Rb1 Nc6 9. d5 Ne5 10. Nxe5 Bxe5 11. Bb5+ Bd7 12. O-O Bxb5 13. Rxb5 Qc7 14. Qb3 c4 15. Qb2 b6 16. f4 Bg7 17. a4 O-O 18. Be3 Rab8 19. Rb1 e6 20. a5 exd5 21. axb6 axb6 22. Rxd5 Rfe8 23. e5 g5 24. g3 gxf4 25. gxf4 Qc6 26. Qg2 Kh8 27. Rd6 Qa4 28. Qd5 Qc2 29. Rc1 Qe2 30. Qd2 Qg4+ 31. Qg2 Qf5 32. Qf3 b5 33. Kf2 b4 34. cxb4 Rxb4 35. Qc6 Rc8 36. Qd7 Rb2+ 37. Kg3 Qxd7 38. Rxd7 Rb3 39. Kf3 Kg8 40. e6 Rxe3+ 41. Kxe3 Re8 42. Kf3 Rxe6 43. Rd8+ Bf8 44. f5 1-0

[Event "16th Deltalift Open 2019"]
[Site "Halmstad"]
[Date "2019.05.31"]
[Round "6.22"]
[White "Lindhe, Magnus"]
[Black "Trost, Edvin"]
[Result "1/2-1/2"]
[ECO "A45"]
[WhiteElo "2173"]
[BlackElo "2047"]
[Annotator "ChessBase"]
[PlyCount "110"]
[EventDate "2019.05.30"]
[EventType "swiss"]
[EventCountry "SWE"]
[SourceTitle "playchess.com"]
[Source "ChessBase"]
[SourceQuality "1"]
[TimeControl "40/5400+30:1800+30"]

1. d4 Nf6 2. c3 d5 3. Bg5 Nbd7 4. Nd2 e6 5. e3 c5 6. Ngf3 Bd6 7. Bd3 Qc7 8. O-O b6 9. Rc1 Bb7 10. b4 c4 11. Bb1 Ne4 12. Bh4 f5 13. Bg3 Nxg3 14. hxg3 h5 15. Ng5 Rh6 16. f4 Nf8 17. Ndf3 Be7 18. Kf2 Bf6 19. Rh1 O-O-O 20. Ne5 Bxe5 21. dxe5 g6 22. Nf3 Qe7 23. Nd4 a6 24. Bc2 Kc7 25. Ra1 Nh7 26. a4 Ba8 27. Qe2 Rh8 28. Bd1 Nf8 29. Nf3 Nh7 30. Qd2 Kb8 31. Qd4 Qc7 32. Be2 Bb7 33. Qd2 Bc8 34. Nd4 Bd7 35. g4 Nf8 36. gxh5 gxh5 37. Bf3 h4 38. Rh3 Bc8 39. Rah1 Bb7 40. Qa2 Qe7 41. a5 b5 42. Kf1 R6h7 43. Qf2 Ng6 44. Ke2 Kc7 45. g4 fxg4 46. Bxg4 Bc8 47. Qh2 Rg8 48. f5 exf5 49. e6+ Qd6 50. Bxf5 Rhg7 51. Qxd6+ Kxd6 52. Bxg6 Rxg6 53. Rxh4 Bxe6 54. Nxe6 Kxe6 55. Rh6 Ke5 1/2-1/2

[Event "16th Deltalift Open 2019"]
[Site "Halmstad"]
[Date "2019.05.31"]
[Round "6.23"]
[White "Stray, Gunnar"]
[Black "Lindborg, Patrik"]
[Result "0-1"]
[ECO "A46"]
[WhiteElo "2005"]
[BlackElo "2172"]
[Annotator "ChessBase"]
[PlyCount "120"]
[EventDate "2019.05.30"]
[EventType "swiss"]
[EventCountry "SWE"]
[SourceTitle "playchess.com"]
[Source "ChessBase"]
[SourceQuality "1"]
[TimeControl "40/5400+30:1800+30"]

1. d4 Nf6 2. Nf3 e6 3. e3 b6 4. Bd3 Bb7 5. Nbd2 c5 6. O-O Be7 7. b3 O-O 8. Bb2 d6 9. c4 Nbd7 10. Qe2 Rc8 11. Rad1 Qc7 12. Bb1 Rfe8 13. Rfe1 Nf8 14. e4 cxd4 15. Nxd4 Ng6 16. N2f3 a6 17. h3 Bf8 18. Qe3 d5 19. e5 Nd7 20. Rc1 Qb8 21. Bxg6 hxg6 22. Ng5 Bb4 23. Re2 dxc4 24. bxc4 Ba8 25. Qg3 Nf8 26. Ne4 Red8 27. Nb3 Rd7 28. Qh4 Qb7 29. f3 Rcd8 30. c5 Rd1+ 31. Rxd1 Rxd1+ 32. Kh2 Bxc5 33. Nbxc5 bxc5 34. f4 Qb5 35. Qf2 Bxe4 36. Rxe4 Nd7 37. Re2 Nb6 38. Ba3 Nd5 39. Bxc5 Nxf4 40. Rb2 Qf1 41. Qxf1 Rxf1 42. Rb8+ Kh7 43. Ra8 Nd3 44. Bd4 Rf4 45. Rd8 Nb4 46. Bc5 Nxa2 47. Ra8 Nc3 48. Rxa6 Nd5 49. Ra7 g5 50. g4 Kg6 51. Ra8 Rc4 52. Bd6 Rc2+ 53. Kg3 Rc3+ 54. Kh2 Nf4 55. Rh8 Re3 56. Bc7 Nd3 57. h4 gxh4 58. Rh5 Re2+ 59. Kg1 Re4 60. Rxh4 Nxe5 0-1

[Event "16th Deltalift Open 2019"]
[Site "Halmstad"]
[Date "2019.05.31"]
[Round "6.24"]
[White "Petersson, Baldur Teodor"]
[Black "Ytterberg, Felix"]
[Result "1/2-1/2"]
[ECO "A05"]
[WhiteElo "2163"]
[BlackElo "2018"]
[Annotator "ChessBase"]
[PlyCount "95"]
[EventDate "2019.05.30"]
[EventType "swiss"]
[EventCountry "SWE"]
[SourceTitle "playchess.com"]
[Source "ChessBase"]
[SourceQuality "1"]
[TimeControl "40/5400+30:1800+30"]

1. Nf3 Nf6 2. g3 d5 3. Bg2 g6 4. O-O Bg7 5. d3 O-O 6. Nbd2 b6 7. e4 dxe4 8. dxe4 Bb7 9. Re1 Nxe4 10. Nxe4 Qxd1 11. Rxd1 Bxe4 12. Re1 f5 13. Ng5 Bxg2 14. Kxg2 Re8 15. Ne6 Na6 16. c3 Rab8 17. Bf4 Rb7 18. Rad1 Bf6 19. Nd8 Rb8 20. Nc6 Rb7 21. Be5 Bxe5 22. Rxe5 e6 23. Nd8 Rb8 24. Nxe6 Nc5 25. Nxc5 Rxe5 26. Nd7 Rd8 27. Nf6+ Kf7 28. Rxd8 Kxf6 29. Kf3 Re7 30. h4 h6 31. Rh8 Kg7 32. Ra8 c5 33. b4 cxb4 34. cxb4 g5 35. hxg5 hxg5 36. a4 Kf6 37. Rf8+ Rf7 38. Rxf7+ Kxf7 39. Ke3 Ke6 40. Kd4 Kd6 41. f3 a6 42. Kc4 Kc6 43. b5+ axb5+ 44. axb5+ Kd6 45. Kd4 Ke6 46. f4 gxf4 47. gxf4 Kd6 48. Kc4 1/2-1/2

[Event "16th Deltalift Open 2019"]
[Site "Halmstad"]
[Date "2019.06.01"]
[Round "7.1"]
[White "Cramling, Pia"]
[Black "Jepson, Christian"]
[Result "1-0"]
[ECO "E04"]
[WhiteElo "2454"]
[BlackElo "2395"]
[Annotator "ChessBase"]
[PlyCount "97"]
[EventDate "2019.05.30"]
[EventType "swiss"]
[EventCountry "SWE"]
[SourceTitle "playchess.com"]
[Source "ChessBase"]
[SourceQuality "1"]
[TimeControl "40/5400+30:1800+30"]

1. Nf3 d5 2. d4 Nf6 3. c4 e6 4. g3 dxc4 5. Bg2 a6 6. O-O Nc6 7. e3 Bd7 8. Qe2 Bd6 9. Qxc4 O-O 10. Rd1 Rb8 11. Nbd2 Qe7 12. Qc2 Nb4 13. Qb1 Bb5 14. Bf1 Bxf1 15. Kxf1 Nc6 16. b3 e5 17. dxe5 Nxe5 18. Bb2 c5 19. Qf5 Rfe8 20. Nxe5 Bxe5 21. Bxe5 Qxe5 22. Qxe5 Rxe5 23. Nc4 Re6 24. Rac1 Kf8 25. Ke2 Ke7 26. f4 Ne4 27. Kf3 f6 28. h4 f5 29. Rd5 b5 30. Nd2 Rd8 31. Rxd8 Kxd8 32. Nxe4 fxe4+ 33. Kg4 Rg6+ 34. Kf5 Rxg3 35. Kxe4 Rg2 36. a4 bxa4 37. bxa4 Ra2 38. Rxc5 Rxa4+ 39. Kf5 Rb4 40. Rc6 a5 41. Ra6 g6+ 42. Ke5 Rb5+ 43. Kd6 Ke8 44. e4 Rb4 45. e5 Rd4+ 46. Ke6 Kf8 47. f5 gxf5 48. Kf6 Ke8 49. e6 1-0

[Event "16th Deltalift Open 2019"]
[Site "Halmstad"]
[Date "2019.06.01"]
[Round "7.3"]
[White "Brynell, Stellan"]
[Black "Hector, Jonny"]
[Result "1/2-1/2"]
[ECO "D12"]
[WhiteElo "2406"]
[BlackElo "2488"]
[Annotator "ChessBase"]
[PlyCount "99"]
[EventDate "2019.05.30"]
[EventType "swiss"]
[EventCountry "SWE"]
[SourceTitle "playchess.com"]
[Source "ChessBase"]
[SourceQuality "1"]
[TimeControl "40/5400+30:1800+30"]

1. d4 d5 2. c4 c6 3. Nf3 Nf6 4. e3 Bf5 5. Bd3 Bxd3 6. Qxd3 e6 7. O-O Be7 8. Nc3 O-O 9. Rd1 Bb4 10. Bd2 Bxc3 11. bxc3 Qc7 12. Rdc1 Rc8 13. Be1 Nbd7 14. Nd2 Ng4 15. Nf1 c5 16. f3 Ngf6 17. Bg3 Qc6 18. cxd5 exd5 19. Rcb1 c4 20. Qc2 Re8 21. a4 Re7 22. a5 Rae8 23. Qb2 b6 24. axb6 axb6 25. Ra7 g5 26. Qc2 Nf8 27. Rxe7 Rxe7 28. Qf5 h6 29. h4 Qe6 30. Qxe6 Rxe6 31. hxg5 hxg5 32. Bc7 N8d7 33. g4 Rc6 34. Bd8 Kf8 35. Ng3 Ke8 36. Bxf6 Nxf6 37. e4 dxe4 38. Nxe4 Nxe4 39. fxe4 Re6 40. e5 f6 41. exf6 Rxf6 42. Kg2 Kd7 43. Rb5 Rg6 44. Rb4 Kc6 45. Rxc4+ Kd5 46. Rc8 Ke4 47. Kg3 Rf6 48. Re8+ Kd3 49. Rg8 Kxc3 50. Rxg5 1/2-1/2

[Event "16th Deltalift Open 2019"]
[Site "Halmstad"]
[Date "2019.06.01"]
[Round "7.4"]
[White "Seo, Jung Min"]
[Black "Pantzar, Milton"]
[Result "1-0"]
[ECO "C99"]
[WhiteElo "2377"]
[BlackElo "2390"]
[Annotator "ChessBase"]
[PlyCount "79"]
[EventDate "2019.05.30"]
[EventType "swiss"]
[EventCountry "SWE"]
[SourceTitle "playchess.com"]
[Source "ChessBase"]
[SourceQuality "1"]
[TimeControl "40/5400+30:1800+30"]

1. e4 e5 2. Nf3 Nc6 3. Bb5 a6 4. Ba4 Nf6 5. O-O Be7 6. Re1 b5 7. Bb3 d6 8. c3 O-O 9. h3 Na5 10. Bc2 c5 11. d4 Qc7 12. Nbd2 cxd4 13. cxd4 Nc6 14. d5 Nb4 15. Bb1 a5 16. Nf1 Bd7 17. Be3 Rfc8 18. Re2 Qb7 19. Bd2 Na6 20. Ng3 a4 21. Re1 Nc5 22. Bb4 Bd8 23. Qd2 Ne8 24. Qe2 g6 25. Qe3 Ng7 26. Nxe5 Ba5 27. Nxd7 Nxd7 28. Bxa5 Rxa5 29. Bd3 b4 30. Ne2 a3 31. b3 Rac5 32. f4 Nh5 33. Kh2 Qb6 34. Bc4 Qd8 35. Nd4 Nb6 36. Nc6 Qf8 37. Be2 Nf6 38. Qd4 Nbd7 39. Bf3 Qh6 40. e5 1-0

[Event "16th Deltalift Open 2019"]
[Site "Halmstad"]
[Date "2019.06.01"]
[Round "7.5"]
[White "Ziegler, Ari"]
[Black "Sjodahl, Pontus"]
[Result "0-1"]
[ECO "A17"]
[WhiteElo "2300"]
[BlackElo "2435"]
[Annotator "ChessBase"]
[PlyCount "108"]
[EventDate "2019.05.30"]
[EventType "swiss"]
[EventCountry "SWE"]
[SourceTitle "playchess.com"]
[Source "ChessBase"]
[SourceQuality "1"]
[TimeControl "40/5400+30:1800+30"]

1. c4 Nf6 2. Nc3 e6 3. Nf3 d5 4. e3 Be7 5. d4 O-O 6. b3 b6 7. Bd3 Bb7 8. Qc2 c5 9. cxd5 exd5 10. O-O Nc6 11. a3 h6 12. Re1 cxd4 13. exd4 Bd6 14. h3 Rc8 15. Bf5 Rc7 16. b4 a5 17. Qb3 axb4 18. Nb5 Re7 19. Rd1 Ba6 20. Nxd6 Qxd6 21. axb4 Be2 22. b5 Bxd1 23. Qxd1 Ra7 24. Rxa7 Nxa7 25. Qb3 Qc7 26. Ba3 Ra8 27. Bd3 Rc8 28. Bb2 Re8 29. g3 Nc8 30. Ne5 Nd6 31. Kg2 Nde4 32. Nc6 Qd7 33. f3 Nd2 34. Qc3 Nc4 35. Bc1 Qe6 36. g4 Qe1 37. Qxe1 Rxe1 38. Bf4 Rd1 39. Bf5 g5 40. Bc7 Rd2+ 41. Kg1 Rb2 42. Bd8 Kg7 43. Ne7 Ne3 44. Bxb6 Ng8 45. Nc6 Rxb5 46. Bd8 Nxf5 47. gxf5 Rb2 48. h4 gxh4 49. Bxh4 Rc2 50. Ne5 f6 51. Ng4 h5 52. Ne3 Rd2 53. Bf2 Rxd4 54. Kg2 Ne7 0-1

[Event "16th Deltalift Open 2019"]
[Site "Halmstad"]
[Date "2019.06.01"]
[Round "7.6"]
[White "Silseth, Simon"]
[Black "Lindberg, Bengt"]
[Result "0-1"]
[ECO "B25"]
[WhiteElo "2268"]
[BlackElo "2382"]
[Annotator "ChessBase"]
[PlyCount "94"]
[EventDate "2019.05.30"]
[EventType "swiss"]
[EventCountry "SWE"]
[SourceTitle "playchess.com"]
[Source "ChessBase"]
[SourceQuality "1"]
[TimeControl "40/5400+30:1800+30"]

1. e4 c5 2. Nc3 Nc6 3. g3 g6 4. Bg2 Bg7 5. d3 d6 6. Nf3 Rb8 7. Be3 Nd4 8. Bxd4 cxd4 9. Ne2 e5 10. O-O Ne7 11. c3 dxc3 12. bxc3 O-O 13. c4 h6 14. h3 Be6 15. Nc3 a6 16. Nd5 Nxd5 17. cxd5 Bd7 18. Rb1 b5 19. d4 Qb6 20. dxe5 dxe5 21. Qd2 Rfc8 22. Kh2 Rc4 23. Ne1 Rbc8 24. f4 Qd6 25. Rf2 f5 26. Nd3 exf4 27. Qxf4 Qxf4 28. gxf4 fxe4 29. Ne5 e3 30. Re2 Bf5 31. Rd1 Rxf4 32. Nc6 Bf6 33. Rxe3 Rf2 34. Kg1 Rxa2 35. Ne7+ Bxe7 36. Rxe7 Rcc2 37. Bf3 Rf2 38. d6 Rxf3 39. d7 Rg3+ 40. Kh1 Rxh3+ 41. Kg1 Rg3+ 42. Kh1 Bxd7 43. Rdxd7 Rf3 44. Kg1 Raf2 45. Rg7+ Kf8 46. Rxg6 Rf6 47. Rg3 R2f5 0-1

[Event "16th Deltalift Open 2019"]
[Site "Halmstad"]
[Date "2019.06.01"]
[Round "7.7"]
[White "Crevatin, Leo"]
[Black "Rydstrom, Tom"]
[Result "1/2-1/2"]
[ECO "A40"]
[WhiteElo "2210"]
[BlackElo "2365"]
[Annotator "ChessBase"]
[PlyCount "133"]
[EventDate "2019.05.30"]
[EventType "swiss"]
[EventCountry "SWE"]
[SourceTitle "playchess.com"]
[Source "ChessBase"]
[SourceQuality "1"]
[TimeControl "40/5400+30:1800+30"]

1. d4 g6 2. c4 Bg7 3. Nc3 c5 4. d5 f5 5. e4 d6 6. exf5 Bxf5 7. Bd3 Qd7 8. Nge2 Na6 9. O-O Nh6 10. Bxh6 Bxh6 11. Bxf5 Qxf5 12. Ng3 Qf7 13. Qa4+ Kf8 14. f4 Kg7 15. f5 Qe8 16. Qc2 Qd7 17. Rae1 Rhf8 18. Qe4 Rae8 19. Re2 Nc7 20. Qh4 b5 21. Rfe1 Rf7 22. Nxb5 Nxb5 23. cxb5 Qb7 24. Qc4 gxf5 25. Qd3 Kh8 26. Nxf5 Bf4 27. Re6 Qd7 28. Qe4 Be5 29. g4 Rg8 30. h3 Rf6 31. Rxf6 exf6 32. a4 Qc7 33. b3 Qa5 34. Kg2 Qc3 35. Re3 Qb2+ 36. Kf1 Qc1+ 37. Re1 Qb2 38. Qf3 c4 39. bxc4 Rc8 40. Ne3 Qa2 41. Qf5 Rg8 42. Qc2 Qa3 43. Kg2 Rg5 44. Re2 h5 45. Qa2 Qd3 46. Qc2 Qd4 47. h4 Rxg4+ 48. Nxg4 Qxg4+ 49. Kf1 Qh3+ 50. Rg2 Qh1+ 51. Rg1 Qf3+ 52. Qf2 Qd1+ 53. Kg2 Qg4+ 54. Kf1 Qxc4+ 55. Kg2 Qg4+ 56. Kf1 Qd1+ 57. Kg2 Qxa4 58. Re1 Qg4+ 59. Kf1 Qc4+ 60. Re2 Qxd5 61. Qxa7 Qd1+ 62. Re1 Qd3+ 63. Re2 Qh3+ 64. Rg2 Qd3+ 65. Re2 Qh3+ 66. Rg2 Qd3+ 67. Re2 1/2-1/2

[Event "16th Deltalift Open 2019"]
[Site "Halmstad"]
[Date "2019.06.01"]
[Round "7.8"]
[White "Holst, Conny"]
[Black "Kucuksari, Kaan"]
[Result "0-1"]
[ECO "E40"]
[WhiteElo "2197"]
[BlackElo "2320"]
[Annotator "ChessBase"]
[PlyCount "88"]
[EventDate "2019.05.30"]
[EventType "swiss"]
[EventCountry "SWE"]
[SourceTitle "playchess.com"]
[Source "ChessBase"]
[SourceQuality "1"]
[TimeControl "40/5400+30:1800+30"]

1. d4 Nf6 2. c4 e6 3. Nc3 Bb4 4. e3 d5 5. Bd3 O-O 6. Nge2 b6 7. O-O Bb7 8. cxd5 exd5 9. a3 Bd6 10. b4 Nbd7 11. b5 a6 12. Bd2 axb5 13. Nxb5 Ba6 14. Bb4 Bxb5 15. Bxb5 c5 16. Bc3 c4 17. a4 Ne4 18. g3 Ndf6 19. f3 Ng5 20. Qd2 Qc8 21. Bb4 Bxb4 22. Qxb4 Qf5 23. Nf4 Nh3+ 24. Nxh3 Qxh3 25. Rae1 Qe6 26. Qc3 Rfd8 27. Kg2 Ne8 28. e4 Nd6 29. Bc6 Nxe4 30. fxe4 Qxc6 31. Qf3 dxe4 32. Qxf7+ Kh8 33. Rc1 e3+ 34. d5 Qxa4 35. Rf4 e2 36. Re1 Qd1 37. Kf2 Re8 38. d6 Qxe1+ 39. Kxe1 Ra1+ 40. Kf2 e1=Q+ 41. Kg2 Raa8 42. Rg4 Qd2+ 43. Kh3 Qh6+ 44. Kg2 Ra2+ 0-1

[Event "16th Deltalift Open 2019"]
[Site "Halmstad"]
[Date "2019.06.01"]
[Round "7.9"]
[White "Bellon Lopez, Juan Manuel"]
[Black "Carlstrom, Niklas"]
[Result "1-0"]
[ECO "D02"]
[WhiteElo "2345"]
[BlackElo "2065"]
[Annotator "ChessBase"]
[PlyCount "67"]
[EventDate "2019.05.30"]
[EventType "swiss"]
[EventCountry "SWE"]
[SourceTitle "playchess.com"]
[Source "ChessBase"]
[SourceQuality "1"]
[TimeControl "40/5400+30:1800+30"]

1. d4 d5 2. Nf3 Nc6 3. c4 Bg4 4. Nc3 Bxf3 5. exf3 e6 6. cxd5 exd5 7. Bb5 Bb4 8. Bxc6+ bxc6 9. Qa4 Bxc3+ 10. bxc3 Ne7 11. O-O O-O 12. Ba3 Re8 13. Rfe1 Nc8 14. Qxc6 Nb6 15. g3 h6 16. Kg2 Qd7 17. Qxd7 Nxd7 18. Rab1 Nb6 19. Bc5 Re6 20. f4 Rae8 21. Re5 f6 22. Rxe6 Rxe6 23. Rb5 a6 24. Rb4 f5 25. h3 Re2 26. Bxb6 cxb6 27. Rxb6 Rxa2 28. Rd6 Rc2 29. Rd8+ Kf7 30. Rxd5 Rxc3 31. Rxf5+ Kg8 32. Ra5 Rd3 33. Ra4 Kf7 34. Kf1 1-0

[Event "16th Deltalift Open 2019"]
[Site "Halmstad"]
[Date "2019.06.01"]
[Round "7.10"]
[White "Olund, Joar"]
[Black "Rasti, Arvin"]
[Result "1/2-1/2"]
[ECO "D41"]
[WhiteElo "2328"]
[BlackElo "2151"]
[Annotator "ChessBase"]
[PlyCount "107"]
[EventDate "2019.05.30"]
[EventType "swiss"]
[EventCountry "SWE"]
[SourceTitle "playchess.com"]
[Source "ChessBase"]
[SourceQuality "1"]
[TimeControl "40/5400+30:1800+30"]

1. d4 d5 2. Nf3 Nf6 3. c4 e6 4. Nc3 c5 5. cxd5 cxd4 6. Nxd4 Nxd5 7. Bd2 Nc6 8. Nxc6 bxc6 9. Rc1 Be7 10. g3 O-O 11. Bg2 Rb8 12. Na4 Bf6 13. b3 Qe7 14. O-O Rd8 15. Qc2 Ba6 16. Rfe1 Bb7 17. Nc5 Bd4 18. Nxb7 Rxb7 19. e3 Bb6 20. Qxc6 Rc7 21. Qa4 Rcd7 22. Bxd5 Rxd5 23. Bc3 e5 24. Qg4 h6 25. Red1 Qd6 26. Rxd5 Qxd5 27. Qf5 Re8 28. Bb4 g6 29. Qg4 Kg7 30. Rd1 Qc6 31. Qd7 Qxd7 32. Rxd7 Rc8 33. Rd2 Kf6 34. Kg2 Rc7 35. Kf3 Rc6 36. Rd6+ Rxd6 37. Bxd6 Ke6 38. Bf8 h5 39. Ke4 f5+ 40. Kd3 Kd5 41. b4 a6 42. a4 g5 43. h3 g4 44. hxg4 hxg4 45. Be7 Ba7 46. Bd8 f4 47. gxf4 exf4 48. Bg5 g3 49. Bxf4 gxf2 50. e4+ Kc6 51. Ke2 Bd4 52. Bg3 Bc3 53. Bxf2 Bxb4 54. Kd3 1/2-1/2

[Event "16th Deltalift Open 2019"]
[Site "Halmstad"]
[Date "2019.06.01"]
[Round "7.11"]
[White "Lindborg, Patrik"]
[Black "Lindgren, Fredrik"]
[Result "0-1"]
[ECO "A57"]
[WhiteElo "2172"]
[BlackElo "2278"]
[Annotator "ChessBase"]
[PlyCount "80"]
[EventDate "2019.05.30"]
[EventType "swiss"]
[EventCountry "SWE"]
[SourceTitle "playchess.com"]
[Source "ChessBase"]
[SourceQuality "1"]
[TimeControl "40/5400+30:1800+30"]

1. d4 Nf6 2. c4 c5 3. d5 a6 4. Nc3 b5 5. cxb5 axb5 6. e4 b4 7. Nb5 d6 8. Bf4 g5 9. Bxg5 Nxe4 10. Bf4 Ra6 11. Bc4 Bg7 12. Qe2 Nf6 13. Nf3 O-O 14. O-O Ra5 15. a4 bxa3 16. Rxa3 Ba6 17. Rd1 Rxa3 18. bxa3 Qa5 19. Nh4 Qa4 20. Bg5 Nbd7 21. Nxd6 exd6 22. Bxa6 Re8 23. Qd3 Ne5 24. Qf1 c4 25. f4 Neg4 26. Re1 Qxa6 27. Rxe8+ Nxe8 28. h3 Qa7+ 29. Kh1 Ne3 30. Qe2 f6 31. Nf5 fxg5 32. Nxe3 Qe7 33. Qf3 Bd4 34. Nc2 Bc5 35. fxg5 Qxg5 36. Qe4 Qc1+ 37. Kh2 Qg1+ 38. Kg3 Qf2+ 39. Kh2 Nf6 40. Qe6+ Kg7 0-1

[Event "16th Deltalift Open 2019"]
[Site "Halmstad"]
[Date "2019.06.01"]
[Round "7.12"]
[White "Johnson, Daniel"]
[Black "Ivarsson, Sebastian"]
[Result "0-1"]
[ECO "E81"]
[WhiteElo "2233"]
[BlackElo "2013"]
[Annotator "ChessBase"]
[PlyCount "146"]
[EventDate "2019.05.30"]
[EventType "swiss"]
[EventCountry "SWE"]
[SourceTitle "playchess.com"]
[Source "ChessBase"]
[SourceQuality "1"]
[TimeControl "40/5400+30:1800+30"]

1. d4 Nf6 2. c4 g6 3. Nc3 Bg7 4. e4 d6 5. f3 O-O 6. Nge2 c5 7. d5 e6 8. Ng3 exd5 9. cxd5 a6 10. a4 Nbd7 11. Be2 h5 12. Bg5 Qc7 13. O-O Nh7 14. Be3 h4 15. Nh1 f5 16. Qd2 Qd8 17. Nf2 Re8 18. Nh3 Ne5 19. Ng5 Bf6 20. Nxh7 Kxh7 21. h3 Qe7 22. Rae1 Bd7 23. exf5 Bxf5 24. Ne4 Bxe4 25. fxe4 Nf7 26. Bg4 b5 27. Be6 Nd8 28. Bg4 Qg7 29. Rxf6 Qxf6 30. Rf1 Qe7 31. Qf2 bxa4 32. Qf4 Qxe4 33. Qh6+ Kg8 34. Bg5 Qd4+ 35. Kh1 Nf7 36. Qxg6+ Qg7 37. Qxg7+ Kxg7 38. Bxh4 Ne5 39. Bd1 Rf8 40. Rg1 Rfb8 41. Be7 Nc4 42. Bxa4 Rxb2 43. Rf1 Re2 44. Bf6+ Kg6 45. Bc3 Rb8 46. Bd1 Ra2 47. h4 Ne3 48. Rf6+ Kh7 49. Bf3 Ra4 50. Rf7+ Kg8 51. Rg7+ Kf8 52. Rh7 Rb1+ 53. Kh2 Ra3 54. Bf6 Nf1+ 55. Kh3 Nd2 56. Kg4 Nxf3 57. gxf3 Rg1+ 58. Kf4 Rf1 59. Bg5 Raxf3+ 60. Ke4 Rf5 61. Ra7 Re5+ 62. Kd3 Rxd5+ 63. Ke4 Re5+ 64. Kd3 Rf3+ 65. Kc4 Ra3 66. Bf6 Ra4+ 67. Kb3 Rb4+ 68. Kc3 Re3+ 69. Kd2 Ra3 70. h5 Rf4 71. Bg7+ Kg8 72. h6 Rf2+ 73. Kd1 Rh3 0-1

[Event "16th Deltalift Open 2019"]
[Site "Halmstad"]
[Date "2019.06.01"]
[Round "7.14"]
[White "Holm, Ragnar"]
[Black "Wahlstrom, Lennart"]
[Result "1-0"]
[ECO "D34"]
[WhiteElo "2124"]
[BlackElo "2196"]
[Annotator "ChessBase"]
[PlyCount "119"]
[EventDate "2019.05.30"]
[EventType "swiss"]
[EventCountry "SWE"]
[SourceTitle "playchess.com"]
[Source "ChessBase"]
[SourceQuality "1"]
[TimeControl "40/5400+30:1800+30"]

1. d4 d5 2. c4 e6 3. Nf3 c5 4. cxd5 exd5 5. Nc3 Nc6 6. g3 Nf6 7. Bg2 Be7 8. O-O O-O 9. Bg5 cxd4 10. Nxd4 Re8 11. Rc1 Be6 12. Qa4 Qb6 13. Nb3 Rad8 14. Qb5 d4 15. Qxb6 axb6 16. Nb5 Bxb3 17. axb3 Bc5 18. Rc2 Rd7 19. Bxf6 gxf6 20. Rd1 Re5 21. Rcd2 Kg7 22. Kf1 Re8 23. Bxc6 bxc6 24. Nxd4 Bxd4 25. Rxd4 Rxd4 26. Rxd4 Re5 27. Ke1 Kf8 28. Rd6 Rb5 29. Rxc6 Rxb3 30. Rc2 Ke7 31. Kd2 f5 32. Kc1 Kf6 33. Rc4 h5 34. h4 Ke5 35. Kc2 Rb5 36. Rc7 f4 37. Rxf7 fxg3 38. fxg3 Ke4 39. Rg7 Rc5+ 40. Kb1 Ke3 41. Rg5 Kxe2 42. b4 Rc3 43. Kb2 Re3 44. Rxh5 Rxg3 45. Rb5 Kd3 46. Kb3 Kd4+ 47. Ka4 Rh3 48. Rxb6 Rxh4 49. Rc6 Kd5 50. Rc2 Kd6 51. Ka5 Rh1 52. Kb6 Kd7 53. b5 Ra1 54. Kb7 Ra3 55. Rd2+ Ke7 56. b6 Ra1 57. Kb8 Ra3 58. b7 Ra1 59. Rd4 Ra2 60. Kc7 1-0